[Event "3rd HoliCup Lake City 2019"]
[Site "Udaipur"]
[Date "2019.03.31"]
[Round "8.20"]
[White "Devesh, Mukherjee"]
[Black "Vikramaditya, Mukhija"]
[Result "1/2-1/2"]
[ECO "A16"]
[WhiteElo "1884"]
[BlackElo "1627"]
[Annotator "NA"]
[PlyCount "141"]
[EventDate "2019.??.??"]
[EventCountry "IND"]
[SourceTitle "playchess.com"]
[Source "ChessBase"]
[SourceQuality "1"]
[TimeControl "5400+30"]

1. c4 Nf6 2. Nc3 g6 3. g3 Bg7 4. Bg2 d6 5. e3 O-O 6. Nge2 Nc6 7. O-O {[%emt 0:00:35] Rb} Rb8 $14 8. d3 Bg4 9. h3 Bd7 10. e4 e5 11. Be3 Ne8 12. Qd2 Nd4 13. f4 f5 14. Bf2 c5 15. Nd5 Nc7 16. Nxd4 cxd4 17. exf5 Bxf5 18. g4 Bd7 19. Bg3 exf4 20. Bxf4 Bc6 21. Rae1 Bxd5 22. cxd5 Qd7 23. Qb4 Rf6 24. g5 Rxf4 25. Rxf4 Be5 26. Rf3 Na6 27. Qd2 Rf8 28. Rxf8+ Kxf8 29. Qf2+ Qf7 30. Qxf7+ Kxf7 31. Be4 Kg7 32. Kg2 Nc5 33. Kf3 a5 34. Rc1 Kf7 35. h4 Kg7 36. b3 b5 37. h5 gxh5 38. Rh1 Nxe4 39. Kxe4 Kg6 40. Kf3 Kxg5 41. Rg1+ Kf5 42. Rg8 h4 43. Rf8+ Kg5 44. Ra8 h3 45. Rxa5 h2 46. Kg2 Kf4 47. Ra8 Ke3 48. a4 bxa4 49. bxa4 Kxd3 50. Re8 Ke2 51. Rxe5+ dxe5 52. d6 d3 53. d7 h1=Q+ 54. Kxh1 d2 55. d8=Q e4 56. Kg2 d1=Q 57. Qxd1+ Kxd1 58. a5 e3 59. a6 e2 60. a7 e1=Q 61. a8=Q Qd2+ 62. Kh3 Qd3+ 63. Kh2 Qe2+ 64. Kh3 Qh5+ 65. Kg2 Qg6+ 66. Kh2 Qh5+ 67. Kg2 Qg4+ 68. Kh2 Qf5 69. Qh1+ Ke2 70. Qg2+ Ke3 71. Qh3+ 1/2-1/2